 Dungeon Crawl Stone Soup version 0.19-GnollCrawlA-1-g03664ee (webtiles) character file.

148 GravitySqueeze the Shield-Bearer (level 1, 0/27 HPs)
             Began as a Formicid Fighter on Mar 3, 2017.
             Was an Initiate of Trog.
             Slain by a gnoll
             ... wielding a +0 flail
              (4 damage)
             ... on level 5 of the Dungeon.
             The game lasted 00:04:04 (2351 turns).

GravitySqueeze the Shield-Bearer (Formicid Fighter) Turns: 2351, Time: 00:04:04

Health: 0/27       AC: 20    Str: 13    XL:     1   Next: 0%
Magic:  1/1        EV:  2    Int: 11    God:    Trog [......]
Gold:   137        SH:  0    Dex: 18    Spells: 0 memorised, 0 levels left

rFire  . . .     SeeInvis .     j - +4 dagger of the Snake Pit {drain, *Noise Str-5 Int+4 Dex+8}
rCold  . . .     Gourm    .     (armour currently unavailable)
rNeg   + + +     Faith    .     (no shield)
rPois  +         Spirit   .     (helmet unavailable)
rElec  .         Dismiss  .     (cloak currently unavailable)
rCorr  .         Reflect  .     (gloves currently unavailable)
SustAt .         Harm     .     (boots currently unavailable)
MR     .....                    g - amulet of inaccuracy (curse)
Stlth  +++.......               h - -2 ring of strength (curse)
                                l - ring of stealth (curse)

@: tree-form
A: permanent stasis, dig shafts and tunnels, four strong arms, (antennae 0)
a: Burn Spellbooks, Renounce Religion


You were on level 5 of the Dungeon.
You worshipped Trog.
Trog was noncommittal.
You were not hungry.
You were a tree.
You visited 1 branch of the dungeon, and saw 5 of its levels.

You collected 137 gold pieces.

Inventory:

Hand Weapons
 a - a +0 long sword
 j - the +4 dagger of the Snake Pit (weapon) {drain, *Noise Str-5 Int+4 Dex+8}
   (You found it on level 4 of the Dungeon)

   A truly terrible weapon, it drains the life of those it strikes.
   It affects your strength (-5).
   It affects your intelligence (+4).
   It affects your dexterity (+8).
   It may make noises in combat.
 k - the +1 flail "Gughikk" {freeze, rElec rN+ MR-}
   (You found it on level 4 of the Dungeon)

   It has been specially enchanted to freeze those struck by it, causing extra
   injury to most foes and up to half again as much damage against particularly
   susceptible opponents.
   It can also slow down cold-blooded creatures.
   It insulates you from electricity.
   It protects you from negative energy.
   It affects your resistance to hostile enchantments.
Armour
 b - a +1 scale mail (melded)
 p - a +0 pair of gloves (melded)
Jewellery
 g - a cursed amulet of inaccuracy (around neck)
 h - a cursed -2 ring of strength (right branch)
 l - a cursed ring of stealth (left branch)
Scrolls
 o - a scroll of remove curse {unknown}
Potions
 d - a potion of might
 e - 2 potions of lignification
 i - a potion of resistance {unknown}
 m - a potion of haste
 n - a potion of brilliance {unknown}
 q - a potion of beneficial mutation {unknown}
Comestibles
 c - 2 meat rations
 f - 4 bread rations
 r - 4 chunks of flesh
 s - a beef jerky


   Skills:
 + Level 3.2 Fighting
 + Level 2.0 Long Blades
 + Level 3.2 Armour
   Level 3.6 Shields


You couldn't memorise any spells.
You didn't know any spells.

Dungeon Overview and Level Annotations

Branches:
Dungeon (5/15)
 Temple: D:1-2

Altars:
Elyvilon
Hepliaklqana
Kikubaaqudgha
Sif Muna
Trog


Innate Abilities, Weirdness & Mutations

You are under a permanent stasis effect.
You can dig through walls and to a lower floor.
Your four strong arms can wield two-handed weapons with a shield.
((You have a pair of large antennae on your head. (SInv)))


Message History

The gnoll hits you with a flail.
You barely miss the gnoll.
The gnoll is heavily wounded.
The gnoll hits you with a flail.
* * * LOW HITPOINT WARNING * * *
You are too injured to fight recklessly!
You are too injured to fight recklessly!
You turn into a tree.
Your +0 pair of gloves melds into your body.
Your +1 scale mail melds into your body.
Your roots penetrate the ground.
The gnoll hits you but does no damage.
You barely miss the gnoll.
The gnoll is heavily wounded.
The gnoll hits you but does no damage.
You hit the gnoll.
The gnoll is severely wounded.
You hit the gnoll.
The gnoll is almost dead.
The gnoll hits you with a flail.
You die...

#.>....(............
#................)..
#.......####........
#.......## #........
#........# #........
#......g.# #.##.....
##.#####.###.##.....
######g........)...g....
.......♣.###............
)#######.#######.##.....
#............##.....
#.##.###############
#.##................
#.##########....###.
####.#######.......#.#.
#....................#.
.##......####.#.#.#.#.#.


You could see a gnoll.

Vanquished Creatures
  15 gnolls
15 creatures vanquished.

Notes
Turn   | Place    | Note
-------+----------+-------------------------------------------
     0 | D:1      | GravitySqueeze the Formicid Fighter began the quest for the Orb.
     0 | D:1      | Reached XP level 1. HP: 18/18 MP: 1/1
   152 | D:1      | You fall through a shaft!
   166 | D:2      | You fall through a shaft!
   191 | D:3      | You fall through a shaft!
   262 | D:4      | Found a deep blue altar of Sif Muna.
   366 | D:4      | Found a bloodstained altar of Trog.
   369 | D:4      | Became a worshipper of Trog the Wrathful
   376 | D:4      | Got a smoking dagger
   377 | D:4      | Identified the +4 dagger of the Snake Pit {drain, *Noise Str-5 Int+4 Dex+8} (You found it on level 4 of the Dungeon)
   505 | D:4      | Got a slimy flail
   506 | D:4      | Identified the +1 flail "Gughikk" {freeze, rElec rN+ MR-} (You found it on level 4 of the Dungeon)
   625 | D:4      | Found a deep blue altar of Sif Muna.
   625 | D:4      | Found a white marble altar of Elyvilon.
   625 | D:4      | Found an ancient bone altar of Kikubaaqudgha.
   687 | D:4      | Found a hazy altar of Hepliaklqana.
  1235 | D:5      | Entered Level 5 of the Dungeon
  2351 | D:5      | Slain by a gnoll

Action                   || total
-------------------------++-------
Melee: Dagger            ||    71
       Long sword        ||     2
 Abil: Shaft Self        ||     3
  Use: Scroll            ||     7
       Potion            ||     2
 Stab: Sleeping          ||     1
Armor: Scale mail        ||    14
       Skin              ||     2
Dodge: Dodged            ||    21
